 Dungeon Crawl Stone Soup version 0.16-a0-4127-g24fbb24 (webtiles) character file.

651 timbw the Charmwright (level 7, -1/44 HPs)
             Began as a Halfling Skald on Mar 2, 2015.
             Slain by a worker ant (3 damage)
             ... on level 6 of the Dungeon.
             The game lasted 00:09:23 (1827 turns).

timbw the Charmwright (Halfling Skald)              Turns: 1827, Time: 00:09:24

Health: -1/44      AC:  4    Str: 10 (12) XL:     7   Next: 83%
Magic:  7/14       EV: 14    Int: 11      God:
Gold:   117        SH:  0    Dex: 13 (16) Spells: 3 memorised, 5 levels left

rFire  . . .     SeeInvis .     f - +0 trident
rCold  . . .     Clarity  .     b - +0 leather armour
rNeg   . . .     SustAb   .     (no shield)
rPois  .         Gourm    .     (no helmet)
rElec  .         Spirit   .     r - +0 cloak
rCorr  .         Warding  .     (no gloves)
rMut   .         Stasis   .     (no boots)
MR     +....                    (no amulet)
Stlth  +.........               (no ring)
                                p - ring of protection from magic

@: lethally poisoned (-1 -> -11), very slightly contaminated, somewhat resistant
to hostile enchantments, very unstealthy
A: mutation resistance 1
a: no special abilities


You were on level 6 of the Dungeon.
You were hungry.

You visited 1 branch of the dungeon, and saw 7 of its levels.

You collected 117 gold pieces.

Inventory:

Hand weapons
 a - a +0 spear
 f - a +0 trident (weapon)
 n - a +0 arbalest
Armour
 b - a +0 leather armour (worn)
 r - a +0 cloak (worn)
Jewellery
 p - a ring of protection from magic (left hand)
Scrolls
 e - a scroll of blinking
 g - a scroll of remove curse
 h - a scroll of teleportation
 k - 2 scrolls of fear {unknown}
Potions
 i - a potion of restore abilities
 l - a potion of cancellation {unknown}
 m - a potion of poison
 o - 2 potions of curing
 v - a potion of heal wounds {unknown}
Books
 c - a book of Battle

   Spells                             Type                      Level
   a - Infusion                       Charms                       1
   b - Shroud of Golubria             Charms/Translocation         2
   c - Song of Slaying                Charms                       2
   d - Spectral Weapon                Hexes/Charms                 3
   e - Regeneration                   Charms/Necromancy            3
Comestibles
 d - 2 bread rations
 j - a meat ration
 q - a beef jerky
 u - a chunk of flesh


   Skills:
 - Level 1.7 Fighting
 - Level 1.3 Polearms
 - Level 1.1 Armour
 + Level 2.2 Dodging
 + Level 3.2 Spellcasting
 + Level 2.4 Hexes
 * Level 6.4 Charms
 + Level 2.2 Necromancy


You had 5 spell levels left.
You knew the following spells:

 Your Spells              Type           Power        Failure   Level  Hunger
a - Infusion              Chrm           ###...       2%          1    #......
b - Regeneration          Chrm/Necr      ##........   21%         3    ###....
c - Spectral Weapon       Hex/Chrm       ##......     21%         3    ###....


Dungeon Overview and Level Annotations

Branches:
Dungeon (7/15)
 Temple: D:4-7

Altars:
Cheibriados
Yredelemnul
The Shining One

Annotations:
D:6 Natasha, Prince Ribbit
D:7 Eustachio


Innate Abilities, Weirdness & Mutations

You are small and have problems with some larger weapons.
You are somewhat resistant to further mutation.


Message History

You closely miss the worker ant.
The worker ant is heavily wounded.
* * * LOW HITPOINT WARNING * * *
You feel sick.
Your spectral weapon barely misses the worker ant.
The worker ant closely misses you. The goblin hits you with a dagger.
* * * LOW HITPOINT WARNING * * *
The worker ant barely misses you.
Attack whom?
Press: ? - help, Dir - move target cursor, f/p - worker ant
Aim: a worker ant (heavily wounded)
You hit the worker ant but do no damage.
The worker ant is heavily wounded.
* * * LOW HITPOINT WARNING * * *
You feel sick.
Your spectral weapon misses the worker ant.
The goblin hits you with a dagger.
* * * LOW HITPOINT WARNING * * *
The worker ant bites you.
You die...

. ....
..... ....
... .. #.
....###.##
......(g@#
........a#
........#
##...#..#
#...##.#
... .$. .
.#. . . .
#


You could see a worker ant, a goblin and a friendly spectral trident.

Vanquished Creatures
  4 ogres
  A giant frog (D:4)
  An orc priest (D:5)
  A giant frog skeleton (D:3)
  2 hounds
  An orc wizard (D:5)
  A worker ant (D:6)
  5 adders
  A shadow imp (D:5)
  2 worms
  3 oozes
  6 orcs
  2 bats
  A goblin (D:5)
  4 hobgoblins
  5 jackals (D:4)
  4 kobolds
  2 quokkas
  3 giant cockroaches (D:2)
  2 giant geckos (D:5)
  A giant newt (D:5)
  3 rats
55 creatures vanquished.

Vanquished Creatures (others)
  2 spectral weapons
  A hobgoblin (D:2)
3 creatures vanquished.

Grand Total: 58 creatures vanquished

Notes
Turn   | Place    | Note
--------------------------------------------------------------
     0 | D:1      | timbw, the Halfling Skald, began the quest for the Orb.
     0 | D:1      | Reached XP level 1. HP: 14/14 MP: 2/2
   118 | D:2      | Reached skill level 4 in Charms
   118 | D:2      | Reached XP level 2. HP: 8/19 MP: 0/3
   151 | D:2      | Reached XP level 3. HP: 12/24 MP: 0/5
   163 | D:2      | Learned a level 3 spell: Regeneration
   321 | D:2      | Found a glowing golden altar of the Shining One.
   324 | D:2      | Found a basalt altar of Yredelemnul.
   325 | D:2      | Noticed a profane servitor
   329 | D:2      | Noticed an angel
   654 | D:3      | Reached XP level 4. HP: 24/29 MP: 0/7
   659 | D:3      | Learned a level 3 spell: Spectral Weapon
   760 | D:4      | HP: 1/29 [orc/trident (2)]
   838 | D:5      | Entered Level 5 of the Dungeon
   911 | D:4      | HP: 1/29 [orc/trident (3)]
  1022 | D:4      | Reached XP level 5. HP: 22/34 MP: 4/9
  1026 | D:4      | Noticed an ogre
  1033 | D:4      | Killed an ogre
  1033 | D:4      | Reached skill level 1 in Hexes
  1033 | D:4      | Reached skill level 5 in Charms
  1033 | D:4      | Reached skill level 1 in Necromancy
  1147 | D:4      | Reached XP level 6. HP: 28/39 MP: 3/11
  1341 | D:5      | Noticed an ogre
  1353 | D:5      | Killed an ogre
  1416 | D:5      | Noticed an ogre
  1424 | D:5      | Killed an ogre
  1424 | D:5      | Reached XP level 7. HP: 27/44 MP: 7/13
  1441 | D:4      | Noticed a giant frog
  1447 | D:4      | Killed a giant frog
  1447 | D:4      | Reached skill level 6 in Charms
  1622 | D:5      | Noticed an ogre
  1637 | D:5      | Killed an ogre
  1667 | D:5      | Found a snail-covered altar of Cheibriados.
  1757 | D:6      | Noticed Natasha
  1762 | D:6      | Noticed Prince Ribbit
  1788 | D:7      | Noticed Eustachio
  1827 | D:6      | HP: 2/44 [goblin/dagger (2)]
  1827 | D:6      | Slain by a worker ant

Action                   |  1- 3 |  4- 6 |  7- 9 || total
-------------------------+-------+-------+-------++-------
Melee: Spear             |   106 |    44 |       ||   150
       Trident           |       |    49 |    47 ||    96
 Cast: Infusion          |     7 |       |       ||     7
       Regeneration      |     6 |    11 |     6 ||    23
       Spectral Weapon   |       |     8 |     9 ||    17
  Use: Potion            |       |     4 |       ||     4
       Scroll            |       |       |     7 ||     7
  Eat: Bread ration      |       |     1 |       ||     1
       Chunk             |       |     2 |     4 ||     6
